AoeStats
← felipe.flores8

Arabia

508783179Analyzed
2v2 RM · 8d ago on Sep 24, 2026· 53m 5s· 4 players
Game mode
Random Map
Map size
Medium (4 player)
Population
200
Speed
Normal
Resources
Standard
Victory
Conquest
Starting age
Dark Age
Ending age
Imperial Age
RankedLock teamsTeams togetherTeam positionsShared explorationLock speedFull tech treeHidden civsTurbo modeCheats
Victory
Defeat
🇦🇷 Slavs · Argentina
832
+14
🇦🇷 Magyars · Argentina
802
+15
🇨🇦 Maya · Canada
796
-15
770
-14
felipe.flores8
11:04 Feudal Age
11:29 Horse Collar
11:37 Double-Bit Axe
19:21 Castle Age
24:15 Wheelbarrow
24:44 Forging
25:00 Fletching
26:35 Eagle Warrior
30:25 Iron Casting
32:07 Scale Mail Armor
33:12 Arson
47:00 Pikeman
51:03 Loom
☯︎ PΔTΔS DΞ STΞΞL ☯
0:49 Loom
16:48 Feudal Age
20:54 Double-Bit Axe
20:53 Horse Collar
23:42 Wheelbarrow
23:49 Gold Mining
23:49 Stone Mining
28:23 Castle Age
26:32 Man-at-Arms
26:58 Arson
28:24 Scale Mail Armor
29:26 Squires
29:17 Gambesons
28:55 Pikeman
28:57 Long Swordsman
JP CARP
7:18 Loom
11:27 Feudal Age
11:30 Man-at-Arms
11:57 Double-Bit Axe
16:31 Fletching
19:02 Wheelbarrow
22:58 Castle Age
21:19 Horse Collar
21:32 Gold Mining
21:34 Stone Mining
23:16 Crossbowman
24:10 Bow Saw
24:20 Heavy Plow
26:16 Squires
25:37 Long Swordsman
33:03 Hand Cart
34:07 Detinets
37:52 Imperial Age
39:34 Scale Barding Armor
39:40 Forging
39:30 Scale Mail Armor
40:51 Elite Boyar
41:52 Conscription
44:48 Spies/Treason
Zanguango
8:16 Loom
10:58 Feudal Age
12:07 Double-Bit Axe
12:04 Horse Collar
19:15 Wheelbarrow
22:00 Castle Age
22:29 Fletching
22:43 Padded Archer Armor
22:07 Crossbowman
23:16 Bow Saw
28:08 Ballistics
30:28 Bodkin Arrow
30:48 Leather Archer Armor
30:39 Scale Barding Armor
30:40 Husbandry
35:51 Imperial Age
34:15 Chain Barding Armor
35:19 Gold Mining
35:19 Stone Mining
37:12 Cavalier
39:23 Plate Barding Armor
38:12 Arbalester
43:30 Paladin
44:21 Recurve Bow
44:46 Bracer
45:17 Ring Archer Armor
44:58 Heavy Plow
48:47 Spies/Treason
Connection lost

Rejoining the realm…

Still unreachable

The connection could not be restored.

Session expired

The server has moved on; the page needs a fresh start.